 Dungeon Crawl Stone Soup version 0.23-a0-636-g0ff6057 (webtiles) character file.

852 Leeroy the Slasher (level 7, 0/55 HPs)
             Began as a Yellow Draconian Skald on Dec 28, 2018.
             Killed by divine providence
             ... invoked by an orc priest
              (10 damage)
             ... on level 5 of the Dungeon.
             The game lasted 00:17:27 (5485 turns).

Leeroy the Slasher (Yellow Draconian Skald)         Turns: 5485, Time: 00:17:28

Health: 0/55       AC:  6    Str: 10 (13) XL:     7   Next: 69%
Magic:  6/10       EV: 12    Int: 12 (15) God:
Gold:   227        SH:  0    Dex:  9 (11) Spells: 2/10 levels left

rFire    . . .     SeeInvis .   a - +0 falchion
rCold    . . .     Gourm    .   (no shield)
rNeg     . . .     Faith    .   (armour unavailable)
rPois    .         Spirit   .   (helmet restricted)
rElec    .         Reflect  .   (no cloak)
rCorr    +         Harm     .   (no gloves)
MR       .....                  (no boots)
Stlth    +.........             (no amulet)
HPRegen  0.18/turn              (no ring)
MPRegen  0.12/turn              (no ring)

@: very slightly contaminated
A: spit acid, acid resistance, unfitting armour, cold-blooded, AC +6
a: Breathe Acid


You were on level 5 of the Dungeon.
You were not hungry.

You visited 1 branch of the dungeon, and saw 5 of its levels.

You collected 227 gold pieces.

Inventory:

Hand Weapons
 a - a +0 falchion (weapon)
 b - a +0 dagger
 d - a +0 short sword
 j - a +0 short sword
 l - a +0 club
 r - a +0 falchion
 u - a +0 dagger
 A - a +0 spear
 C - a +0 lajatang
 E - a +0 vampiric spear
 H - a +0 hunting sling
 I - a +3 dire flail of crushing
 J - a +0 quarterstaff
Missiles
 h - 22 poisoned needles
 i - 166 stones (quivered)
 y - 43 sling bullets
 D - a throwing net
 K - 19 arrows
 L - 3 tomahawks
 N - 18 bolts
Jewellery
 G - an uncursed ring of poison resistance {unknown}
Scrolls
 e - 4 scrolls of identify
 f - a scroll of random uselessness {unknown}
 k - 5 scrolls of enchant weapon {unknown}
 p - 5 scrolls of teleportation {unknown}
 q - a scroll of immolation {unknown}
 w - 3 scrolls of remove curse {unknown}
 x - 2 scrolls of blinking {unknown}
 z - a scroll of amnesia {unknown}
 B - a scroll of fog {unknown}
 F - a scroll of noise {unknown}
Potions
 g - 2 potions of flight {unknown}
 m - 2 potions of degeneration
 n - a potion of magic {unknown}
 o - 2 potions of heal wounds {unknown}
 s - a potion of haste {unknown}
 t - 3 potions of lignification
 v - 2 potions of mutation {unknown}
 M - a potion of might {unknown}
Comestibles
 c - 5 rations
 O - 2 chunks of flesh


   Skills:
 - Level 2.1 Fighting
 + Level 7.4 Long Blades
 * Level 2.6 Staves
 - Level 2.1 Dodging
 * Level 0.4 Stealth
 - Level 2.0 Spellcasting
 * Level 3.3 Hexes
 - Level 2.6 Charms


You had 2 spell levels left.
You knew the following spells:

 Your Spells              Type           Power        Failure   Level  Hunger
a - Infusion              Chrm           #...         9%          1    ##.....
b - Spectral Weapon       Hex/Chrm       #.......     24%         3    ####...
c - Regeneration          Chrm/Necr      #.........   43%         3    ####...
d - Confusing Touch       Hex            #.....       7%          1    ##.....

Your spell library contained the following spells:

 Spells                   Type           Power        Failure   Level  Hunger
 Corona                   Hex            #......      7%          1    ##.....
 Song of Slaying          Chrm           #.......     14%         2    ###....
 Shroud of Golubria       Chrm/Tloc      #.........   24%         2    ###....


Dungeon Overview and Level Annotations

Branches:
Dungeon (5/15)
 Temple: D:4-7

Altars:
Ashenzari
Cheibriados
Trog


Innate Abilities, Weirdness & Mutations

You can spit globs of acid.
You are resistant to acid.
Your golden yellow scales are hard. (AC +6)
You cannot fit into any form of body armour.
You are cold-blooded and may be slowed by cold attacks.


Message History

Your spectral weapon hits the orc wizard.
The orc priest calls upon Beogh to heal the orc wizard.
The orc wizard is healed somewhat.
The orc wizard misses you.
You hit the orc wizard.
The orc wizard is heavily wounded.
Your spectral weapon hits the orc wizard.
The orc priest invokes the aid of Beogh against you.
Beogh smites you!
* * * LOW HITPOINT WARNING * * *
The orc wizard completely misses you.
You hit the orc wizard.
The orc wizard is almost dead.
Your spectral weapon hits the orc wizard!
You kill the orc wizard!
It was a potion of degeneration.
There was something very wrong with that liquid.
You feel weakened.
You feel dopey.
You feel clumsy.
The orc priest invokes the aid of Beogh against you.
Beogh smites you!
You die...

####o. ### #... #.##..##.#
#### . ####.##.....# .#
..##.#####..###.# .. #.##.#
#......# #. #.##.# #.##.###
#. #.##.# ##.##.# #.
#.##.####o(.#.#
#.####.......))#@#.#
...........###...#.#
..#######..#######.########
.. #.................# ..
######.#######.#######.#
..................#
#.#######
.##################
#........ # #########


You could see an orc priest and a friendly spectral +0 falchion.

Vanquished Creatures
  Edmund (D:4)
  2 ogres (D:4)
  2 howler monkeys (D:4)
  An orc priest (D:5)
  5 orc wizards
  Jessica (D:3)
  An iguana (D:4)
  4 worker ants
  Robin (D:4)
  4 adders
  An adder skeleton (D:2)
  5 worms
  A dart slug (D:1)
  5 leopard geckos
  6 orcs
  9 bats
  5 giant cockroaches
  11 goblins
  12 hobgoblins
  7 jackals
  3 quokkas
  3 ball pythons
  A frilled lizard (D:1)
  10 kobolds
  8 rats
109 creatures vanquished.

Notes
Turn   | Place    | Note
-------+----------+-------------------------------------------
     0 | D:1      | Leeroy the Draconian Skald began the quest for the Orb.
     0 | D:1      | Reached XP level 1. HP: 17/17 MP: 3/3
   186 | D:1      | Reached XP level 2. HP: 20/24 MP: 5/5
   251 | D:1      | Reached skill level 3 in Long Blades
   458 | D:1      | Found a shattered altar of Ashenzari.
   573 | D:1      | Reached XP level 3. HP: 23/29 MP: 6/6
   651 | D:1      | Learned a level 3 spell: Spectral Weapon
   726 | D:2      | Found a snail-covered altar of Cheibriados.
  1140 | D:2      | Reached skill level 4 in Long Blades
  1272 | D:2      | Reached XP level 4. HP: 5/36 MP: 3/7
  1701 | D:2      | Reached skill level 1 in Hexes
  2246 | D:3      | Noticed Jessica
  2251 | D:3      | Killed Jessica
  2251 | D:3      | Reached XP level 5. HP: 40/41 MP: 4/8
  2255 | D:3      | Identified Jessica's Volume of Enchantment
  2273 | D:3      | Learned a level 3 spell: Regeneration
  2275 | D:3      | Learned a level 1 spell: Confusing Touch
  2412 | D:3      | Found a bloodstained altar of Trog.
  2512 | D:3      | Reached skill level 5 in Long Blades
  2800 | D:4      | Noticed an ogre
  2821 | D:4      | Killed an ogre
  2821 | D:4      | Reached skill level 1 in Staves
  2883 | D:4      | Reached XP level 6. HP: 26/48 MP: 9/9
  2887 | D:4      | Noticed Edmund
  2992 | D:4      | Noticed Robin
  3001 | D:4      | Killed Robin
  3761 | D:4      | Reached skill level 6 in Long Blades
  3918 | D:4      | Killed Edmund
  3918 | D:4      | Your scales start taking on a golden yellow colour.
  3918 | D:4      | Reached XP level 7. HP: 13/55 MP: 7/10
  4795 | D:4      | Reached skill level 7 in Long Blades
  5305 | D:5      | Entered Level 5 of the Dungeon
  5485 | D:5      | Killed from afar by an orc priest

Vault maps used:
D:1:      lemuel_arrival_tunnels, minmay_misc_feat_nine_boxes,
          chequers_serial_rivers_room_b, ashenzari_altar_1
D:2:      cheibriados_altar_1
D:3:      wad_lake_hut, lemuel_coloured_pillars_altar, first_ration,
          kennysheep_jessica_study
D:4:      minmay_misc_feat_secret_circle, uniq_edmund, uniq_robin
D:5:      nicolae_sextant, trog_three_pillars_becter

Skill      XL: |  1  2  3  4  5  6  7 |
---------------+----------------------+-----
Long Blades    | 3 4 5 6 7 |  7.4
Hexes          | 1 2 3 |  3.3
Staves         | 1 2 |  2.6
Fighting       | |  2.1
Dodging        | |  2.1
Stealth        | |  0.4
Spellcasting   | |  2.0
Charms         | |  2.6

Action                   |  1- 3 |  4- 6 |  7- 9 || total
-------------------------+-------+-------+-------++-------
Melee: Falchion          |   139 |   176 |    93 ||   408
       Tailslap          |    14 |    20 |    17 ||    51
       Lajatang          |       |    13 |       ||    13
Throw: Stone             |       |     5 |       ||     5
 Cast: Infusion          |     2 |     1 |       ||     3
       Spectral Weapon   |       |     6 |     1 ||     7
       Confusing Touch   |       |     3 |       ||     3
       Regeneration      |       |     1 |       ||     1
 Abil: Breathe Acid      |       |       |     1 ||     1
  Use: Scroll            |       |     2 |       ||     2
       Potion            |       |     2 |     1 ||     3
 Stab: Confused          |       |     3 |       ||     3
       Distracted        |       |     1 |       ||     1
  Eat: Chunk             |     1 |     6 |     3 ||    10
       Ration            |       |     1 |     1 ||     2
Armor: Skin              |    34 |    51 |    14 ||    99
Dodge: Dodged            |   101 |   125 |    42 ||   268
       Rpst.: Falchion   |    31 |    36 |    14 ||    81

Table legend:
 A = Non-vault XP
 B = Vault XP
 C = Vault XP percentage of total XP
 D = Non-vault monster count
 E = Vault monster count
 F = Vault count percentage of total count
                 A         B        C        D         E       F
            +---------+---------+-------+---------+---------+-------
      Total |     970 |     248 |  20.4 |      95 |      14 |  12.8
            +---------+---------+-------+---------+---------+-------
        D:1 |      43 |       0 |   0.0 |      25 |       0 |   0.0
        D:2 |      83 |       0 |   0.0 |      28 |       0 |   0.0
        D:3 |     146 |      54 |  27.0 |      22 |      10 |  31.2
        D:4 |     575 |     194 |  25.2 |      14 |       4 |  22.2
        D:5 |     123 |       0 |   0.0 |       6 |       0 |   0.0
            +---------+---------+-------+---------+---------+-------
